 Dungeon Crawl Stone Soup version 0.25.0-46-gbd7b0854d2 (console) character file.

Game seed: 2552406777631834099

1705 Colgate the Thrower (level 8, -2/74 HPs)
             Began as a Troll Chaos Knight on July 17, 2020.
             Was a Plaything of Xom.
             Slain by a white ugly thing (26 damage)
             ... on level 7 of the Dungeon.
             The game lasted 01:18:00 (4451 turns).

Colgate the Thrower (Troll Chaos Knight)            Turns: 4451, Time: 01:18:00

Health: -2/74      AC: 11    Str: 20    XL:     8   Next: 73%
Magic:  8/8        EV: 10    Int:  9    God:    Xom [*.....]
Gold:   227        SH:  0    Dex: 12    Spells: 7/7 levels left

rFire    + . .     SeeInvis .     - Unarmed
rCold    . . .     Gourm    +   (no shield)
rNeg     + . .     Faith    .   d - +2 robe {rF+}
rPois    +         Spirit   .   (helmet restricted)
rElec    .         Reflect  .   G - +2 ratskin cloak {+Rats rPois rN+ Str-1 Int-1 Dex+1}
rCorr    +         Harm     .   (gloves unavailable)
MR       .....                  (boots unavailable)
Stlth    +.........             (no amulet)
HPRegen  0.62/turn              p - ring of resist corrosion
MPRegen  0.11/turn              (no ring)

@: no status effects
A: large, unfitting armour, claws 3, blink, clever 1, fast metabolism 3,
gourmand, regeneration 1, shaggy fur 1, tough skin 3
a: Blink, Renounce Religion, Evoke Ratskin


You were on level 7 of the Dungeon.
You worshipped Xom.
You were a special plaything of Xom.
You were completely stuffed.

You visited 1 branch of the dungeon, and saw 7 of its levels.

You collected 317 gold pieces.
You spent 90 gold pieces at shops.

Inventory:

Missiles
 e - 91 stones (quivered)
 r - 38 bolts
 w - 8 poisoned darts
 B - 102 arrows
Armour
 a - a +2 robe
 c - a scarf of harm
 d - a +2 robe of fire resistance (worn)
 D - a +1 robe
 G - the +2 ratskin cloak (worn) {+Rats rPois rN+ Str-1 Int-1 Dex+1}
   (You found it on level 6 of the Dungeon)

   It affects your strength (-1).
   It affects your intelligence (-1).
   It affects your dexterity (+1).
   It protects you from poison.
   It protects you from negative energy.
Jewellery
 o - an uncursed amulet of faith
 p - a ring of resist corrosion (left claw)
Scrolls
 h - a scroll of noise
 k - 2 scrolls of enchant armour
 l - a scroll of remove curse
 n - a scroll of enchant weapon
 q - 3 scrolls of teleportation
Potions
 f - 2 potions of lignification
 g - a potion of heal wounds
 i - 3 potions of curing
 j - a potion of degeneration
 m - 2 potions of might
 v - a potion of brilliance
 E - a potion of flight {unknown}
Comestibles
 b - 13 rations
 s - 3 chunks of flesh


   Skills:
 - Level 2.4 Fighting
 + Level 9.3 Throwing
 - Level 1.9 Dodging
 - Level 4.0 Unarmed Combat
 - Level 2.4 Evocations


You had 7 spell levels left.
You didn't know any spells.
Your spell library was empty.

Dungeon Overview and Level Annotations

Branches:
Dungeon (7/15)             Temple (0/1) D:7

Altars:
Gozag
Okawaru
Xom
Zin

Annotations:
D:2 exclusion: 11 centaurs
D:4 exclusions: harpy, orb spider, rime drake, 3 wyverns and 8 yaks
D:5 Prince Ribbit


Innate Abilities, Weirdness & Mutations

You are too large for most types of armour.
You have claws for hands.
Your metabolism is lightning-fast.
You like to eat raw meat.
Your natural rate of healing is unusually fast.
You are covered in fur. (AC +1)
You have extremely tough skin. (AC +3)
You can translocate small distances at will.
Your mind is acute. (Int +2)


Message History

You see here an arrow.
The centaur shoots an arrow.
The arrow hits you.
The centaur shoots an arrow.
The arrow hits you!
Things that are here:
2 arrows; a stone The centaur shoots an arrow.
The arrow closely misses you.
A white ugly thing comes into view.
You see here an arrow.
Press: ? - help, v - describe, . - travel
Here: a white ugly thing The floor.
The centaur shoots an arrow.
The arrow hits you!
You see here an arrow.
The centaur shoots an arrow.
The arrow hits you but does no damage.
The centaur shoots an arrow.
The arrow misses you.
You see here 2 arrows.
The centaur unwields a +4 shortbow.
The centaur hits you.
You claw the white ugly thing!
The white ugly thing is lightly wounded.
Xom plays with reality for a moment.
A six-headed hydra appears.
The centaur barely misses you. The white ugly thing kicks you!
The white ugly thing freezes you!!
You die...

######.####...#..<..#####
#....<......####.....#.
#.##.......##.....#.##. #
#..####.##.#####.)..
##)## #.#....####..) #.(#
#.#).#........ ##(#
#.#..#........ #(#
#.#..#........ #(#
#.#..#........ #(#
#.#..#........ #@#
#.####.##...## #...cu#
#.....[.#.#.# #.....D
#.###.#.#.#.##
#......##.#...#...#.#.
#......##.#.#######.#.
#.......#.#.#.......#.
#.....#.#.#...#.#####.
#.....#.#.......# #..
#.....#.### #.. #.#.#.#.#
#.. #.#.#.#.# #.#


You could see a white ugly thing, a centaur and a friendly six-headed hydra
(summoned).

Vanquished Creatures
  An ice beast (D:7)
  3 phantoms (D:4)
  2 centaurs
  A crocodile (D:7)
  A big kobold (D:7)
  2 bullfrogs (D:7)
  A scorpion (D:6)
  3 wights (D:6)
  5 orc wizards
  A centaur skeleton (D:6)
  A hound (D:4)
  A gnoll shaman (D:5)
  3 orc priests
  A bullfrog skeleton (D:5)
  Ijyb (D:4)
  3 hell rats (D:6)
  2 worker ants (D:5)
  4 adders
  3 gnolls (D:5)
  4 river rats (D:6)
  2 shadow imps (D:5)
  An adder zombie (D:6)
  4 worms
  2 dart slugs (D:1)
  6 leopard geckos
  18 orcs
  A ball python (D:6)
  2 giant cockroaches
  5 goblins
  2 hobgoblins
  12 jackals
  12 kobolds
  6 quokkas
  6 bats
  3 frilled lizards
  A giant cockroach zombie (D:5)
  26 rats
152 creatures vanquished.

Notes
Turn   | Place    | Note
-------+----------+-------------------------------------------
     0 | D:1      | Colgate the Troll Chaos Knight began the quest for the Orb.
     0 | D:1      | Reached XP level 1. HP: 22/22 MP: 0/0
    23 | D:1      | XOM: silly message
   205 | D:1      | Reached XP level 2. HP: 29/29 MP: 1/1
   457 | D:1      | XOM: silly message
   712 | D:2      | Noticed a centaur
   810 | D:2      | XOM: 1-stop teleportation journey
   898 | D:1      | Reached XP level 3. HP: 36/36 MP: 2/2
   900 | D:1      | Reached skill level 1 in Throwing
   919 | D:2      | You fall into a shaft and drop 1 floor!
   962 | D:3      | Reached skill level 2 in Throwing
  1065 | D:3      | Reached XP level 4. HP: 44/44 MP: 3/3
  1068 | D:3      | Reached skill level 3 in Throwing
  1306 | D:2      | XOM: noise
  1309 | D:2      | XOM: 5-stop teleportation journey
  1411 | D:2      | XOM: scenery: create altars
  1412 | D:2      | XOM: fog
  1427 | D:2      | XOM: summons 2 friendly demons
  1734 | D:3      | XOM: god gift: 20 bolts
  1857 | D:4      | XOM: stealth player
  1886 | D:4      | Reached XP level 5. HP: 48/50 MP: 4/4
  1910 | D:4      | Found Zin's Purification Station.
  1911 | D:4      | Found a glowing silver altar of Zin.
  1913 | D:4      | Noticed Ijyb
  1920 | D:4      | XOM: chaos upgrade
  1921 | D:4      | Killed Ijyb
  1939 | D:4      | Noticed a phantom
  1946 | D:4      | XOM: scenery: create altars
  1950 | D:4      | XOM: scenery: create altars
  1959 | D:4      | Killed a phantom
  1959 | D:4      | Reached skill level 4 in Throwing
  1985 | D:4      | Bought a potion of curing for 90 gold pieces
  2006 | D:4      | Reached XP level 6. HP: 54/59 MP: 5/5
  2060 | D:4      | XOM: divination: detect creatures
  2066 | D:4      | XOM: 3-stop teleportation journey
  2078 | D:4      | Reached skill level 5 in Throwing
  2080 | D:4      | Noticed a shapeshifter
  2080 | D:4      | an iguana changed into a shapeshifter
  2080 | D:4      | XOM: polymorph iguana -> shapeshifter
  2080 | D:4      | Noticed a rime drake
  2080 | D:4      | a shapeshifter changed into a rime drake
  2090 | D:4      | Noticed a wyvern
  2092 | D:4      | XOM: 1-stop teleportation journey
  2109 | D:4      | XOM: confusion
  2128 | D:4      | XOM: summons 4 hostile demons
  2132 | D:4      | XOM: summons friendly orange demon
  2189 | D:4      | XOM: give mutation
  2189 | D:4      | Gained mutation: You have large cloven feet. [Xom's
                  | mischief]
  2272 | D:4      | Reached skill level 6 in Throwing
  2275 | D:4      | XOM: 3-stop teleportation journey
  2311 | D:4      | Noticed a yak
  2327 | D:4      | Noticed an orb spider
  2332 | D:4      | Noticed a harpy
  2332 | D:4      | an orb spider changed into a harpy
  2336 | D:5      | Entered Level 5 of the Dungeon
  2346 | D:5      | Reached XP level 7. HP: 44/66 MP: 6/6
  2510 | D:5      | Reached skill level 7 in Throwing
  2631 | D:5      | XOM: swap monsters
  2652 | D:5      | Noticed Prince Ribbit
  2890 | D:6      | Found an iron altar of Okawaru.
  3089 | D:6      | XOM: potion effect (brilliance)
  3095 | D:6      | Reached skill level 8 in Throwing
  3114 | D:6      | XOM: stat loss: -1 Str (20/21)
  3224 | D:6      | Reached XP level 8. HP: 74/74 MP: 7/7
  3384 | D:6      | XOM: 2-stop teleportation journey
  3745 | D:6      | Found the +2 ratskin cloak {+Rats rPois rN+ Str-1 Int-1
                  | Dex+1}
  3961 | D:6      | XOM: summons 1 hostile demon
  4001 | D:6      | Lost mutation: You have large cloven feet. [potion of
                  | mutation]
  4001 | D:6      | Gained mutation: Your mind is acute. (Int +2) [potion of
                  | mutation]
  4001 | D:6      | Gained mutation: You can translocate small distances at
                  | will. [potion of mutation]
  4164 | D:7      | Reached skill level 9 in Throwing
  4169 | D:7      | Reached skill level 1 in Evocations
  4180 | D:7      | Found a staircase to the Ecumenical Temple.
  4180 | D:7      | XOM: 1-stop teleportation journey
  4251 | D:7      | Found an opulent altar of Gozag.
  4447 | D:7      | Noticed a white ugly thing
  4451 | D:7      | XOM: cast spell 'Summon Hydra'
  4451 | D:7      | Slain by a white ugly thing

Illustrated notes

Levels and vault maps discovered:
D:1:      minmay_arrival_radiant_lines, layout_loops_ring
D:2:      layout_rooms
D:3:      layout_rooms, first_ration
D:4:      layout_rooms, zin_purify, uniq_ijyb
D:5:      layout_cave_pools, uniq_prince_ribbit1
D:6:      wander_guarded_unrand_ratskin, layout_layer_cave,
          okawaru_metal_pillars_1_2
D:7:      layout_basic, lemuel_crystal_altar, minmay_temple_entry_tees,
          enter_bailey_3

Skill      XL: |  1  2  3  4  5  6  7  8 |
---------------+-------------------------+-----
Unarmed Combat | 4 |  4.0
Throwing       | 2 3 4 6 8 9 |  9.3
Evocations     | 2 |  2.4
Fighting       | |  2.4
Dodging        | |  1.9

Action                   |  1- 3 |  4- 6 |  7- 9 || total
-------------------------+-------+-------+-------++-------
Melee: Unarmed           |    82 |    93 |   100 ||   275
       Punch             |       |     1 |       ||     1
       Kick              |       |     2 |    25 ||    27
Throw: Stone             |    26 |       |    30 ||    56
       Boomerang         |    39 |    61 |    17 ||   117
       Large rock        |     1 |    17 |       ||    18
       Dart              |       |     7 |    50 ||    57
Evoke: Wand              |       |       |    36 ||    36
  Use: Potion            |       |     1 |     4 ||     5
       Scroll            |       |       |    12 ||    12
  Eat: Chunk             |    15 |    12 |    19 ||    46
Armor: Robe              |    47 |    42 |    50 ||   139
Dodge: Dodged            |    52 |    58 |    70 ||   180
